 Dungeon Crawl Stone Soup version 0.23.2-40-g277498a001 (webtiles) character file.

Game seed: 736364038034219183

1763 Exodus22XD the Spear-Bearer (level 9, -5/68 HPs)
             Began as a Merfolk Gladiator on Aug 22, 2019.
             Slain by an orc warrior
             ... wielding a +0 long sword
              (7 damage)
             ... on level 6 of the Dungeon.
             The game lasted 00:13:21 (4266 turns).

Exodus22XD the Spear-Bearer (Merfolk Gladiator)     Turns: 4266, Time: 00:13:22

Health: -5/68      AC: 12    Str: 17    XL:     9   Next: 7%
Magic:  9/9        EV: 13    Int:  7    God:
Gold:   267        SH:  0    Dex: 16    Spells: 8/8 levels left

rFire    . . .     SeeInvis .   a - +0 trident
rCold    + . .     Gourm    .   (no shield)
rNeg     . . .     Faith    .   w - +2 scale mail {rC+}
rPois    .         Spirit   .   c - +0 helmet
rElec    .         Reflect  .   u - +0 cloak
rCorr    .         Harm     .   (no gloves)
MR       .....                  g - +0 pair of boots
Stlth    ..........             (no amulet)
HPRegen  0.21/turn              (no ring)
MPRegen  0.11/turn              (no ring)

@: about to teleport
A: change form in water, swift swim, stealthy swim
a: no special abilities


You were on level 6 of the Dungeon.
You were not hungry.

You visited 1 branch of the dungeon, and saw 6 of its levels.

You collected 267 gold pieces.

Inventory:

Hand Weapons
 a - a +0 trident (weapon)
Missiles
 d - 3 throwing nets (quivered)
Armour
 c - a +0 helmet (worn)
 g - a +0 pair of boots (worn)
 i - a +0 plate armour
 u - a +0 cloak (worn)
 w - a +2 scale mail of cold resistance (worn)
Jewellery
 o - an uncursed ring of positive energy
Wands
 s - a wand of polymorph (6)
 x - a wand of scattershot (9)
Scrolls
 h - 3 scrolls of teleportation
 j - 2 scrolls of magic mapping
 m - a scroll of immolation
 n - a scroll of enchant weapon {unknown}
 p - a scroll of amnesia {unknown}
 q - 2 scrolls of remove curse {unknown}
 v - 2 scrolls of identify
 y - a scroll of fog {unknown}
Potions
 b - 2 potions of lignification
 e - a potion of might {unknown}
 k - 3 potions of agility
 l - 4 potions of curing {unknown}
 r - a potion of invisibility {unknown}
 t - a potion of degeneration {unknown}
 A - a potion of ambrosia {unknown}
Comestibles
 f - 9 rations


   Skills:
 + Level 5.1 Fighting
 + Level 11.4 Polearms
 - Level 2.0 Throwing
 * Level 4.3 Armour
 + Level 6.6 Dodging
 + Level 0.8 Unarmed Combat


You had 8 spell levels left.
You didn't know any spells.
Your spell library was empty.

Dungeon Overview and Level Annotations

Branches:
Dungeon (6/15)
 Temple: D:4-7

Altars:
Qazlal
Trog
Vehumet


Message History

* * * LOW HITPOINT WARNING * * *
You barely miss the orc warrior.
You punch the orc warrior, but do no damage.
The orc warrior is heavily wounded.
You hit the orc warrior but do no damage.
The orc warrior is heavily wounded.
The orc warrior barely misses you.
You hit the orc warrior.
The orc warrior is severely wounded.
The orc warrior hits you with a +0 long sword!
* * * LOW HITPOINT WARNING * * *
You hit the orc warrior but do no damage.
The orc warrior is severely wounded.
You barely miss the orc warrior.
The orc warrior is severely wounded.
The orc warrior closely misses you.
As you read the scroll of teleportation, it crumbles to dust.
You feel strangely unstable.
The orc warrior hits you with a +0 long sword!
You die...

#o# . #.#Z# #.#.###..
#oo...... #o#######
###(# ##.#.#
###..).#########
#######.....oo@....(.#
#.>.....#....#######.#
#.########....## #.#
#.# #.....# #.# #.#
##...## #.# #.# ##.##
#.# #.# #.#
#####.##### #.# #.#
#.........# #.#
##'###.###.###.#


You could see an orc warrior and an orc.

Vanquished Creatures
  Grinder (D:5)
  Sigmund (D:5)
  Duvessa (D:4)
  An orc warrior (D:6)
  4 ogres
  A phantom (D:6)
  A centaur (D:6)
  Dowan (D:4)
  A bullfrog zombie (D:6)
  A crimson imp (D:6)
  A hound (D:5)
  2 bullfrog skeletons
  2 centaur skeletons
  2 orc priests
  3 orc wizards
  An iguana (D:6)
  2 worker ants (D:5)
  2 hound skeletons
  3 gnolls (D:5)
  5 adders
  2 shadow imps
  3 oozes
  2 worms (D:2)
  3 dart slugs
  A leopard gecko (D:2)
  13 orcs
  8 bats
  3 giant cockroaches
  8 goblins
  9 hobgoblins
  5 jackals (D:4)
  11 kobolds
  4 quokkas
  3 ball pythons
  6 frilled lizards
  A leopard gecko skeleton (D:4)
  2 quokka skeletons
  10 rats
130 creatures vanquished.

Vanquished Creatures (others)
  A wizard (D:3)
1 creature vanquished.

Grand Total: 131 creatures vanquished

Notes
Turn   | Place    | Note
-------+----------+-------------------------------------------
     0 | D:1      | Exodus22XD the Merfolk Gladiator began the quest for the
                  | Orb.
     0 | D:1      | Reached XP level 1. HP: 16/16 MP: 1/1
    57 | D:1      | Reached XP level 2. HP: 22/22 MP: 2/2
   215 | D:1      | Reached skill level 5 in Polearms
   215 | D:1      | Reached XP level 3. HP: 26/27 MP: 3/3
   217 | D:1      | Found a radiant altar of Vehumet.
   906 | D:2      | Reached skill level 5 in Dodging
   906 | D:2      | Reached XP level 4. HP: 26/34 MP: 4/4
  1204 | D:3      | Found a bloodstained altar of Trog.
  1205 | D:3      | Noticed a wizard
  1211 | D:3      | Killed a wizard
  1270 | D:3      | Reached skill level 6 in Polearms
  1428 | D:3      | Reached skill level 1 in Armour
  1713 | D:4      | Reached XP level 5. HP: 33/39 MP: 5/5
  1768 | D:4      | Noticed an ogre
  1778 | D:4      | Killed an ogre
  1778 | D:4      | Reached skill level 7 in Polearms
  1800 | D:4      | Noticed an ogre
  1807 | D:4      | Killed an ogre
  1807 | D:4      | Reached XP level 6. HP: 26/47 MP: 6/6
  2062 | D:4      | Noticed Duvessa
  2070 | D:5      | Entered Level 5 of the Dungeon
  2079 | D:5      | Reached skill level 8 in Polearms
  2247 | D:4      | Noticed Dowan
  2253 | D:4      | Killed Duvessa
  2253 | D:4      | Reached XP level 7. HP: 22/52 MP: 7/7
  2261 | D:4      | Killed Dowan
  2669 | D:5      | Noticed Sigmund
  2894 | D:6      | Reached skill level 9 in Polearms
  3075 | D:5      | Killed Sigmund
  3119 | D:5      | Reached XP level 8. HP: 51/60 MP: 8/8
  3675 | D:5      | Reached skill level 10 in Polearms
  3755 | D:5      | Found a stormy altar of Qazlal.
  3756 | D:5      | Noticed Grinder
  3777 | D:5      | Killed Grinder
  4097 | D:6      | Reached skill level 11 in Polearms
  4230 | D:6      | Reached skill level 5 in Fighting
  4230 | D:6      | Reached XP level 9. HP: 43/68 MP: 9/9
  4263 | D:6      | HP: 2/68 [orc warrior/+0 long sword (8)]
  4266 | D:6      | Slain by an orc warrior

Skill      XL: |  1  2  3  4  5  6  7  8 |
---------------+-------------------------+-----
Polearms       | 5 6 7 8 9 11 | 11.4
Dodging        | 5 6 |  6.6
Armour         | 1 2 3 4 |  4.3
Fighting       | 3 5 |  5.1
Throwing       | |  2.0
Unarmed Combat | |  0.8

Action                   |  1- 3 |  4- 6 |  7- 9 || total
-------------------------+-------+-------+-------++-------
Melee: Trident           |   127 |   232 |   234 ||   593
       Unarmed           |       |     5 |     4 ||     9
       Punch             |       |       |     1 ||     1
  Use: Scroll            |       |       |     6 ||     6
 Stab: Sleeping          |     1 |       |       ||     1
  Eat: Chunk             |       |     5 |     3 ||     8
       Ration            |       |       |     1 ||     1
Armor: Leather armour    |     9 |       |       ||     9
       Ring mail         |    17 |    74 |       ||    91
       Skin              |       |     1 |     2 ||     3
       Scale mail        |       |       |    42 ||    42
Dodge: Dodged            |    74 |   159 |   119 ||   352
